 Dungeon Crawl Stone Soup version 0.29.1-2-gbd0b4ee654 (webtiles) character file.

Game seed: 3590968511905535787

633 hawla the Chucker (level 7, -1/50 HPs)
             Began as a Gnoll Wanderer on Nov 21, 2022.
             Slain by an orc wizard
             ... wielding a +0 dagger
              (4 damage)
             ... on level 5 of the Dungeon.
             The game lasted 00:21:15 (5794 turns).

hawla the Chucker (Gnoll Wanderer)                  Turns: 5794, Time: 00:21:15

Health: -1/50      AC:  7    Str:  6 (8)  XL:     7   Next: 49%
Magic:  2/12       EV: 12    Int: 23 (24) God:
Gold:   461        SH:  0    Dex:  6 (8)  Spells: 5/13 levels left

rFire   + . .      SeeInvis .   a - +2 battleaxe
rCold   + + .      Faith    .   (shield currently unavailable)
rNeg    . . .      Spirit   .   e - +0 robe
rPois   +          Reflect  .   (no helmet)
rElec   +          Harm     .   F - +1 cloak
rCorr   +          Rampage  .   h - +2 pair of gloves
Will    .....                   (no boots)
Stlth   ++........              (no amulet)
HPRegen 0.16/turn               m - ring of protection from cold
MPRegen 0.13/turn               (no ring)

@: mighty, resistant, on berserk cooldown, flying, slowed, very slow
A: fangs 1, strong nose, distributed training, clever 2, frail 1, mutation
resistance 1
a: no special abilities


You were on level 5 of the Dungeon.
You visited 1 branch of the dungeon, and saw 5 of its levels.
You also visited: Ossuary.

You collected 461 gold pieces.

Inventory:

Hand Weapons
 a - a +2 battleaxe (weapon)
Missiles
 b - 11 boomerangs (quivered)
Armour
 e - a +0 robe (worn)
 h - a +2 pair of gloves (worn)
 s - a scarf of invisibility
 F - a +1 cloak (worn)
Magical Staves
 k - a staff of fire
 u - a staff of air
Jewellery
 m - a ring of protection from cold (left hand)
Scrolls
 c - a scroll of vulnerability
 d - 2 scrolls of fear
 g - a scroll of blinking
 l - a scroll of brand weapon {unknown}
 n - a scroll of immolation {unknown}
 p - a scroll of amnesia {unknown}
 q - a scroll of silence
 y - a scroll of butterflies {unknown}
 C - a scroll of noise {unknown}
 D - a scroll of enchant armour {unknown}
Potions
 f - 3 potions of brilliance
 i - 2 potions of haste
 t - a potion of degeneration
 x - 2 potions of mutation
 z - a potion of attraction {unknown}
 A - a potion of curing {unknown}
 B - a potion of resistance


   Skills:
 + Level 5.3 Fighting
 + Level 2.6 Short Blades
 + Level 2.6 Long Blades
 + Level 5.3 Axes
 + Level 2.6 Maces & Flails
 + Level 2.6 Polearms
 + Level 2.6 Staves
 + Level 2.6 Ranged Weapons
 + Level 5.3 Throwing
 + Level 2.6 Armour
 + Level 3.7 Dodging
 + Level 2.6 Stealth
 + Level 2.6 Shields
 + Level 2.6 Unarmed Combat
 + Level 3.9 Spellcasting
 + Level 2.1 Conjurations
 + Level 2.1 Hexes
 + Level 2.1 Summonings
 + Level 4.4 Necromancy
 + Level 2.1 Translocations
 + Level 2.1 Transmutations
 + Level 2.1 Fire Magic
 + Level 2.1 Ice Magic
 + Level 2.1 Air Magic
 + Level 2.1 Earth Magic
 + Level 2.1 Poison Magic
 + Level 2.9 Invocations
 + Level 2.6 Evocations


You had 5 spell levels left.
You knew the following spells:

 Your Spells              Type           Power      Damage    Failure   Level
a - Necrotise             Necr           96%        1d8       1%          1
b - Vampiric Draining     Necr           24%        2d7       5%          3
c - Poisonous Vapours     Pois/Air       28%        N/A       7%          2
d - Static Discharge      Conj/Air       14%        3-5/arc   7%          2

Your spell library contained the following spells:

 Spells                   Type           Power      Damage    Failure   Level
 Sublimation of Blood     Necr           24%        N/A       2%          2
 Stone Arrow              Conj/Erth      28%        3d8       13%         3
 Summon Guardian Golem    Hex/Summ       14%        N/A       13%         3
 Corpse Rot               Necr/Pois/Air  17%        N/A       32%         4
 Animate Armour           Summ/Erth      28%        N/A       41%         4
 Lightning Bolt           Conj/Air       7%         1d19      77%         5
 Orb of Destruction       Conj           7%         9d6       100%        7
 Spellforged Servitor     Conj/Summ      7%         N/A       100%        7
 Lehudib's Crystal Spear  Conj/Erth      7%         10d3      100%        8
 Maxwell's Capacitive Co  Air            7%         ∞         100%        8


Dungeon Overview and Level Annotations

Branches:
Dungeon (5/15)             Temple (0/1) D:5         Ossuary (visited)

Altars:
Fedhas
Gozag


Innate Abilities, Weirdness & Mutations

You have very sharp teeth.
Your uncanny sense of smell can sniff out nearby items.
Your experience applies equally to all skills.
Your mind is very acute. (Int +8, Str/Dex -2)
You are frail. (-10% HP)
You are somewhat resistant to further mutation.


Message History

You feel a strong urge to attack something.
Things that are here:
a +0 dagger; a +0 robe; an orc corpse You are no longer berserk.
You are exhausted.
You feel yourself slow down.
You hear some strange, mumbled words.
A puff of flame appears from out of thin air!
The puff of flame misses you.
The puff of flame hits the plant!
The plant begins to die.
Things that are here:
a +0 club; a +0 leather armour; an orc corpse It was a potion of degeneration.
There was something very wrong with that liquid.
You feel weakened.
You feel dopey.
You feel clumsy. Something hits you but does no damage.
It was a potion of mutation.
You feel extremely strange.
You feel clever.
You feel frail.
You feel clever.
You feel genetically stable.
You hear some strange, mumbled words.
A puff of flame appears from out of thin air!
The puff of flame hits you.
* * * LOW HITPOINT WARNING * * *
Something hits you but does no damage.
It was a potion of flight.
You feel very buoyant.
You fly up into the air.
You feel less confused. Something hits you but does no damage.
Okay, then.
It was a potion of might.
You feel very mighty all of a sudden.
A nearby plant withers and dies.
You hear some strange, mumbled words.
Something tries to affect you, but you resist.
Something hits you.
* * * LOW HITPOINT WARNING * * *
It was a potion of resistance.
You feel protected. Something hits you.
You die...

+###+###+### #########
#.......#..# ##........
#.......#..####..P.P....
+###+###'..'..#.).......
#.'...'.#..##...)>P.....
#.#...#.#..##..{@.......
'.#._.#.+##+..#.........
#.#...#.# ####.........
#.+...+.# #.........
+###+###+∆∆ #......... #
.."....... # ∆
.......... + #..........


There were no monsters in sight!

Vanquished Creatures
  A centaur (D:5)
  A scorpion (D:4)
  A jelly (D:4)
  2 orc priests
  2 hounds (D:5)
  2 orc wizards
  2 iguanas (D:4)
  8 mummies (Ossuary)
  4 adders
  An ufetubus (D:4)
  5 dart slugs
  10 orcs
  8 endoplasms
  4 giant cockroaches
  4 gnoll zombies (Ossuary)
  2 goblins (D:3)
  6 hobgoblins
  5 kobolds
  2 quokkas
  12 ball pythons
  3 bats
  2 frilled lizards (D:3)
  2 hobgoblin zombies (Ossuary)
  2 kobold zombies (Ossuary)
  2 rats
93 creatures vanquished.

Vanquished Creatures (collateral kills)
  An orc (D:4)
  A bat (D:2)
  A giant cockroach (D:3)
3 creatures vanquished.

Vanquished Creatures (others)
  5 plants (D:5)
5 creatures vanquished.

Grand Total: 101 creatures vanquished

Notes
Turn   | Place    | Note
-------+----------+-------------------------------------------
     0 | D:1      | hawla the Gnoll Wanderer began the quest for the Orb.
     0 | D:1      | hawla set off with the following items: a +0 hand axe, 10
                  | boomerangs, a +0 dagger, a scroll of fear, a +0 robe; and
                  | the following spell memorised: Necrotise; and the following
                  | spells available to memorise: Sublimation of Blood,
                  | Vampiric Draining.
     0 | D:1      | Reached XP level 1. HP: 20/20 MP: 4/4
   163 | D:1      | Reached XP level 2. HP: 26/26 MP: 2/5
   816 | D:2      | Reached XP level 3. HP: 31/31 MP: 7/7
   847 | D:2      | Reached skill level 1 in Invocations
  1463 | D:2      | Reached skill level 1 in Short Blades
  1463 | D:2      | Reached skill level 1 in Long Blades
  1463 | D:2      | Reached skill level 1 in Maces & Flails
  1463 | D:2      | Reached skill level 1 in Polearms
  1463 | D:2      | Reached skill level 1 in Staves
  1463 | D:2      | Reached skill level 1 in Ranged Weapons
  1463 | D:2      | Reached skill level 1 in Armour
  1463 | D:2      | Reached skill level 1 in Stealth
  1463 | D:2      | Reached skill level 1 in Shields
  1463 | D:2      | Reached skill level 1 in Unarmed Combat
  1463 | D:2      | Reached skill level 1 in Evocations
  1467 | D:2      | Learned a level 3 spell: Vampiric Draining
  1775 | D:2      | Reached XP level 4. HP: 38/38 MP: 4/8
  2490 | D:3      | Reached skill level 1 in Conjurations
  2490 | D:3      | Reached skill level 1 in Hexes
  2490 | D:3      | Reached skill level 1 in Summonings
  2490 | D:3      | Reached skill level 1 in Translocations
  2490 | D:3      | Reached skill level 1 in Transmutations
  2490 | D:3      | Reached skill level 1 in Fire Magic
  2490 | D:3      | Reached skill level 1 in Ice Magic
  2490 | D:3      | Reached skill level 1 in Air Magic
  2490 | D:3      | Reached skill level 1 in Earth Magic
  2490 | D:3      | Reached skill level 1 in Poison Magic
  2493 | D:3      | Learned a level 2 spell: Poisonous Vapours
  2970 | D:3      | Found a blossoming altar of Fedhas.
  3326 | D:4      | HP: 1/38 [orc priest/divine providence (11)]
  3329 | D:4      | Reached XP level 5. HP: 17/43 MP: 1/9
  3849 | D:4      | Found a sand-covered staircase.
  3855 | D:4      | Learned a level 2 spell: Static Discharge
  3857 | Ossuary  | Entered an ossuary
  4102 | Ossuary  | Reached XP level 6. HP: 39/50 MP: 11/11
  4198 | Ossuary  | Reached skill level 5 in Fighting
  4198 | Ossuary  | Reached skill level 5 in Axes
  4198 | Ossuary  | Reached skill level 5 in Throwing
  5338 | D:4      | Reached XP level 7. HP: 54/56 MP: 4/12
  5690 | D:5      | Entered Level 5 of the Dungeon
  5737 | D:5      | Found an opulent altar of Gozag.
  5750 | D:5      | Found a staircase to the Ecumenical Temple.
  5791 | D:5      | Gained mutation: Your mind is acute. (Int +4, Str/Dex -1)
                  | [potion of mutation]
  5791 | D:5      | Gained mutation: You are frail. (-10% HP) [potion of
                  | mutation]
  5791 | D:5      | Gained mutation: Your mind is very acute. (Int +8, Str/Dex
                  | -2) [potion of mutation]
  5791 | D:5      | Gained mutation: You are somewhat resistant to further
                  | mutation. [potion of mutation]
  5794 | D:5      | Slain by an orc wizard

Illustrated notes

Levels and vault maps discovered:
D:1:      sevenhm_arrival_forest_fort_small_3, layout_rooms,
          minmay_misc_feat_encased, skrybe_limestone_x
D:2:      layout_loops_corners, minmay_door_square
D:3:      layout_basic, nicolae_overflow_crystal_walls,
          chequers_hall_statues_wall_a, minmay_liquid_box,
          minmay_misc_feat_diagonals
D:4:      cheibrodos_quashed, layout_gridville,
          nicolae_ossuary_entry_false_entrances, nicolae_elevator_lobby_plus
D:5:      layout_cave_pods, mainiacjoe_overflow_24_doors,
          minmay_temple_entry_overgrown, abandoned_shop, uniq_ijyb

Skill      XL: |  1  2  3  4  5  6  7 |
---------------+----------------------+-----
Invocations    | 1 2 |  2.9
Short Blades   | 1 2 |  2.6
Long Blades    | 1 2 |  2.6
Maces & Flails | 1 2 |  2.6
Polearms       | 1 2 |  2.6
Staves         | 1 2 |  2.6
Ranged Weapons | 1 2 |  2.6
Armour         | 1 2 |  2.6
Stealth        | 1 2 |  2.6
Shields        | 1 2 |  2.6
Unarmed Combat | 1 2 |  2.6
Evocations     | 1 2 |  2.6
Spellcasting   | 3 |  3.9
Conjurations   | 1 2 |  2.1
Hexes          | 1 2 |  2.1
Summonings     | 1 2 |  2.1
Translocations | 1 2 |  2.1
Transmutations | 1 2 |  2.1
Fire Magic     | 1 2 |  2.1
Ice Magic      | 1 2 |  2.1
Air Magic      | 1 2 |  2.1
Earth Magic    | 1 2 |  2.1
Poison Magic   | 1 2 |  2.1
Dodging        | 3 |  3.7
Necromancy     | 4 |  4.4
Fighting       | 5 |  5.3
Axes           | 5 |  5.3
Throwing       | 5 |  5.3

Action                   |  1- 3 |  4- 6 |  7- 9 || total
-------------------------+-------+-------+-------++-------
Melee: Hand axe          |    40 |       |       ||    40
       Bite              |     1 |    12 |     3 ||    16
       Whip              |       |    50 |       ||    50
       Battleaxe         |       |    34 |    25 ||    59
       Staff             |       |    50 |       ||    50
       Punch             |       |     1 |       ||     1
Throw: Boomerang         |       |     3 |       ||     3
 Cast: Necrotise         |    31 |    52 |     9 ||    92
       Poisonous Vapours |       |     4 |     3 ||     7
       Vampiric Draining |       |     2 |       ||     2
       Static Discharge  |       |    10 |       ||    10
  Use: Scroll            |     1 |     1 |     4 ||     6
       Potion            |       |     7 |     7 ||    14
 Stab: Sleeping          |     1 |     3 |       ||     4
Armor: Robe              |    11 |    59 |    32 ||   102
       Skin              |       |    16 |       ||    16
Dodge: Dodged            |    38 |   131 |    43 ||   212
